SAA
IRVING BLUE SOX @ DURHAM RAPIERS
08/17/2028
 
TOP OF THE 1ST
Irving Blue Sox batting - Pitching for Durham Rapiers : RHP Lance de Valk
Pitching: RHP Lance de Valk
Batting: RHB Jerry Yates 0-0: SINGLE (Groundball, 34D)
Batting: RHB Eisse Cals 0-0: Ball
1-0: Grounds into double play, 6-4-3 (Groundball, 6)
Batting: RHB Tom Boyer 0-0: Foul Ball, location: 2F
0-1: Foul Ball, location: 2F
0-2: Ball
1-2: Foul Ball, location: 2F
1-2: Ball
2-2: Ground out 4-3 (Groundball, 4M)
Top of the 1st over - 0 run(s), 1 hit(s), 0 error(s), 0 left on base; Irving 0 - Durham 0
BOTTOM OF THE 1ST
Durham Rapiers batting - Pitching for Irving Blue Sox : RHP Anastasio Enríquez
Pitching: RHP Anastasio Enríquez
Batting: RHB Tomás Duarte 0-0: Ball
1-0: Fly out, F8 (Line Drive, 8LD)
Batting: RHB António Díaz 0-0: Ball
1-0: Foul Ball, location: 2F
1-1: Ball
2-1: Foul Ball, location: 2F
2-2: Ball
3-2: Strikes out swinging
Batting: RHB Vincent Klein 0-0: Ball
1-0: Ball
2-0: Ball
3-0: Foul Ball, location: 2F
3-1: Ground out 4-3 (Groundball, 4)
Bottom of the 1st over - 0 run(s), 0 hit(s), 0 error(s), 0 left on base; Irving 0 - Durham 0
TOP OF THE 2ND
Irving Blue Sox batting - Pitching for Durham Rapiers : RHP Lance de Valk
Batting: LHB Myron Rosenbalm 0-0: Called Strike
0-1: Ball
1-1: Ball
2-1: Foul Ball, location: 2F
2-2: Ground out 4-3 (Groundball, 4)
Batting: RHB Cisco Hernández 0-0: Swinging Strike
0-1: Ball
1-1: Ball
2-1: Ball
3-1: Called Strike
3-2: Foul Ball, location: 2F
3-2: Foul Ball, location: 2F
3-2: SINGLE (Line Drive, 6MD)
Batting: SHB John Clayton 0-0: Ball
1-0: Foul Ball, location: 2F
1-1: Ball
2-1: Swinging Strike
2-2: Foul Ball, location: 2F
2-2: Fly out, F9 (Flyball, 9)
Batting: RHB Wessel Wemerman 0-0: Ball
1-0: Foul Ball, location: 2F
1-1: Fielders Choice at 2nd, 6-4 (Groundball, 6)
Top of the 2nd over - 0 run(s), 1 hit(s), 0 error(s), 0 left on base; Irving 0 - Durham 0
BOTTOM OF THE 2ND
Durham Rapiers batting - Pitching for Irving Blue Sox : RHP Anastasio Enríquez
Batting: LHB Alberto Garza 0-0: Ball
1-0: Ball
2-0: Ball
3-0: Called Strike
3-1: Called Strike
3-2: Base on Balls
Batting: RHB Dave Sienna 0-0: Ball
1-0: Ball
2-0: Foul Ball, location: 2F
2-1: Ball
3-1: Base on Balls
Alberto Garza to second
Batting: RHB Jules Winnfield 0-0: Ball
1-0: SINGLE (Groundball, 6MD)
Alberto Garza to third
Dave Sienna to second
Runner from 3rd tries for Home, SAFE, no throw
Batting: RHB Rick McGuire 0-0: Ball
1-0: Ball
2-0: Swinging Strike
2-1: Foul Ball, location: 2F
2-2: Foul Ball, location: 2F
2-2: Strikes out swinging
Batting: SHB Carlos Chávez 0-0: Ball
1-0: Ball
2-0: Ball
3-0: Base on Balls
Dave Sienna to third
Jules Winnfield to second
Batting: RHB Júlio Gonzáles 0-0: Called Strike
0-1: Ball
1-1: Called Strike
1-2: Fly out, F9 (Line Drive, 9S)
Runner from 3rd tags up, SCORES, no throw
Batting: RHB Tomás Duarte 0-0: Called Strike
0-1: Swinging Strike
0-2: Ball
1-2: Strikes out swinging
Bottom of the 2nd over - 2 run(s), 1 hit(s), 0 error(s), 2 left on base; Irving 0 - Durham 2
TOP OF THE 3RD
Irving Blue Sox batting - Pitching for Durham Rapiers : RHP Lance de Valk
Batting: RHB Enrique Gómez 0-0: Swinging Strike
0-1: SINGLE (Line Drive, 89S)
Batting: SHB Lúcio Gonzáles 0-0: Ball
1-0: Foul Ball, location: 2F
1-1: Ball
2-1: SINGLE (Line Drive, 34D)
Enrique Gómez to second
Batting: RHB Jerry Yates 0-0: Foul Ball, location: 2F
0-1: Ball
1-1: Fly out, F9 (Flyball, 9LM)
Batting: RHB Eisse Cals 0-0: Swinging Strike
0-1: Ball
1-1: Foul Ball, location: 2F
1-2: Foul Ball, location: 2F
1-2: Strikes out looking
Batting: RHB Tom Boyer 0-0: Ball
1-0: Ball
2-0: Called Strike
2-1: Ball
3-1: Foul Ball, location: 2F
3-2: Foul Ball, location: 2F
3-2: Foul Ball, location: 2F
3-2: Base on Balls
Enrique Gómez to third
Lúcio Gonzáles to second
Batting: LHB Myron Rosenbalm 0-0: Ball
1-0: Ball
2-0: Fielders Choice at 2nd, 6-4 (Groundball, 6)
Top of the 3rd over - 0 run(s), 2 hit(s), 0 error(s), 2 left on base; Irving 0 - Durham 2
BOTTOM OF THE 3RD
Durham Rapiers batting - Pitching for Irving Blue Sox : RHP Anastasio Enríquez
Batting: RHB António Díaz 0-0: Swinging Strike
0-1: Ball
1-1: Ball
2-1: Bunt for hit - play at first, batter OUT! 1-3
Batting: RHB Vincent Klein 0-0: Ball
1-0: Foul Ball, location: 2F
1-1: SINGLE (Flyball, 4MD)
Batting: LHB Alberto Garza 0-0: Foul Ball, location: 2F
0-1: SINGLE (Flyball, 78S)
Vincent Klein to second
Batting: RHB Dave Sienna 0-0: Ball
1-0: Ground out 5-3 (Groundball, 56S)
Vincent Klein to third
Alberto Garza to second
Batting: RHB Jules Winnfield 0-0: Fly out, F9 (Flyball, 9S)
Bottom of the 3rd over - 0 run(s), 2 hit(s), 0 error(s), 2 left on base; Irving 0 - Durham 2
TOP OF THE 4TH
Irving Blue Sox batting - Pitching for Durham Rapiers : RHP Lance de Valk
Batting: RHB Cisco Hernández 0-0: Foul Ball, location: 2F
0-1: Ball
1-1: Ball
2-1: Foul Ball, location: 2F
2-2: Hit by Pitch
Batting: SHB John Clayton 0-0: Foul Ball, location: 2F
0-1: Fly out, F8 (Line Drive, 8LM)
Batting: RHB Wessel Wemerman 0-0: Ball
1-0: Ball
2-0: Ball
3-0: Base on Balls
Cisco Hernández to second
Batting: RHB Enrique Gómez 0-0: Ball
1-0: Ball
2-0: Foul Ball, location: 2F
2-1: SINGLE (Groundball, 6M) (infield hit)
Cisco Hernández to third
Wessel Wemerman to second
Batting: SHB Lúcio Gonzáles 0-0: Ball
1-0: Ball
2-0: Ball
3-0: Called Strike
3-1: Swinging Strike
3-2: Strikes out looking
Batting: RHB Jerry Yates 0-0: Foul Ball, location: 2F
0-1: Foul Ball, location: 2F
0-2: Strikes out looking
Top of the 4th over - 0 run(s), 1 hit(s), 0 error(s), 3 left on base; Irving 0 - Durham 2
BOTTOM OF THE 4TH
Durham Rapiers batting - Pitching for Irving Blue Sox : RHP Anastasio Enríquez
Batting: RHB Rick McGuire 0-0: Called Strike
0-1: Ball
1-1: Foul Ball, location: 2F
1-2: Foul Ball, location: 2F
1-2: Foul Ball, location: 2F
1-2: Ground out 6-3 (Groundball, 6)
Batting: SHB Carlos Chávez 0-0: Ball
1-0: Ball
2-0: Swinging Strike
2-1: Called Strike
2-2: Foul Ball, location: 2F
2-2: Strikes out swinging
Batting: RHB Júlio Gonzáles 0-0: Ball
1-0: Called Strike
1-1: Ball
2-1: Fly out, F9 (Flyball, 9D)
Bottom of the 4th over - 0 run(s), 0 hit(s), 0 error(s), 0 left on base; Irving 0 - Durham 2
TOP OF THE 5TH
Irving Blue Sox batting - Pitching for Durham Rapiers : RHP Lance de Valk
Batting: RHB Eisse Cals 0-0: Ball
1-0: Ground out 5-3 (Groundball, 56)
Batting: RHB Tom Boyer 0-0: Ball
1-0: Swinging Strike
1-1: Swinging Strike
1-2: Foul Ball, location: 2F
1-2: Strikes out swinging
Batting: LHB Myron Rosenbalm 0-0: Called Strike
0-1: Ball
1-1: SINGLE (Groundball, 6MD)
Batting: RHB Cisco Hernández 0-0: Ball
Myron Rosenbalm is caught stealing 2nd base
Top of the 5th over - 0 run(s), 1 hit(s), 0 error(s), 0 left on base; Irving 0 - Durham 2
BOTTOM OF THE 5TH
Durham Rapiers batting - Pitching for Irving Blue Sox : RHP Anastasio Enríquez
Batting: RHB Tomás Duarte 0-0: Swinging Strike
0-1: Ball
1-1: SINGLE (Groundball, 4) (infield hit)
Batting: RHB António Díaz 0-0: Ball
1-0: Bunted foul
1-1: Bunted foul
1-2: Ball
2-2: Fielders Choice at 2nd, 6-4 (Groundball, 6)
Batting: RHB Vincent Klein 0-0: Ball
1-0: Ball
2-0: Called Strike
2-1: Ground out 5-3 (Groundball, 56S)
António Díaz to second
Batting: LHB Alberto Garza 0-0: Called Strike
0-1: Ball
1-1: Ball
2-1: SINGLE (Groundball, 6D)
António Díaz to third
Runner from 3rd tries for Home, SAFE, no throw
Batting: RHB Dave Sienna 0-0: Ball
1-0: Called Strike
1-1: Swinging Strike
1-2: DOUBLE (Flyball, 9)
Alberto Garza to third
Batting: RHB Jules Winnfield 0-0: Ball
1-0: Foul Ball, location: 2F
1-1: Foul Ball, location: 2F
1-2: Ball
2-2: Foul Ball, location: 2F
2-2: Ball
3-2: Foul Ball, location: 2F
3-2: Ground out 6-3 (Groundball, 6)
Bottom of the 5th over - 1 run(s), 3 hit(s), 0 error(s), 2 left on base; Irving 0 - Durham 3
TOP OF THE 6TH
Irving Blue Sox batting - Pitching for Durham Rapiers : RHP Lance de Valk
Batting: RHB Cisco Hernández 0-0: Ball
1-0: SINGLE (Groundball, 6M) (infield hit)
Batting: SHB John Clayton 0-0: Ball
1-0: Called Strike
1-1: Ball
2-1: Ball
3-1: Sac Bunt - play at first, batter OUT! 1-4
Cisco Hernández to second
Batting: RHB Wessel Wemerman 0-0: Ball
1-0: Ground out 6-3 (Groundball, 6S)
Cisco Hernández to third
Batting: RHB Enrique Gómez 0-0: Called Strike
0-1: SINGLE (Groundball, 56D)
Cisco Hernández scores
Batting: SHB Lúcio Gonzáles 0-0: Swinging Strike
0-1: Foul Ball, location: 2F
0-2: Ball
Throwing error on steal attempt, E2
Enrique Gómez to third
1-2: Ball
2-2: Strikes out swinging
Top of the 6th over - 1 run(s), 2 hit(s), 1 error(s), 1 left on base; Irving 1 - Durham 3
BOTTOM OF THE 6TH
Durham Rapiers batting - Pitching for Irving Blue Sox : RHP Anastasio Enríquez
Batting: RHB Rick McGuire 0-0: Called Strike
0-1: Ground out 6-3 (Groundball, 6M)
Batting: SHB Carlos Chávez 0-0: Ball
1-0: Ball
2-0: Ground out 4-3 (Groundball, 4)
Batting: RHB Júlio Gonzáles 0-0: Swinging Strike
0-1: Ball
1-1: SINGLE (Groundball, 6MS) (infield hit)
Pitching: RHP Andy Perry
Batting: RHB Tomás Duarte 0-0: Ball
Júlio Gonzáles steals 2nd base
1-0: Called Strike
1-1: SINGLE (Line Drive, 34D)
Júlio Gonzáles to third
Batting: RHB António Díaz 0-0: Swinging Strike
0-1: Ball
1-1: Called Strike
1-2: Fielders Choice at 2nd, 5-4 (Groundball, 56)
Bottom of the 6th over - 0 run(s), 2 hit(s), 0 error(s), 1 left on base; Irving 1 - Durham 3
TOP OF THE 7TH
Irving Blue Sox batting - Pitching for Durham Rapiers : RHP Lance de Valk
Batting: RHB Jerry Yates 0-0: Ball
1-0: Ball
2-0: Ball
3-0: Foul Ball, location: 2F
3-1: SOLO HOME RUN (Flyball, 89XD), Distance : 425 ft
Batting: RHB Eisse Cals 0-0: Ball
1-0: Fly out, F8 (Flyball, 89M)
Pitching: RHP Dave Seals
Batting: RHB Tom Boyer 0-0: Called Strike
0-1: Ball
1-1: Swinging Strike
1-2: Ball
2-2: Fly out, F5 (Line Drive, 5)
Batting: LHB Myron Rosenbalm 0-0: Swinging Strike
0-1: Ball
1-1: Ball
2-1: Called Strike
2-2: DOUBLE (Line Drive, 9D)
Batting: RHB Cisco Hernández 0-0: Fly out, F9 (Flyball, 9S)
Top of the 7th over - 1 run(s), 2 hit(s), 0 error(s), 1 left on base; Irving 2 - Durham 3
BOTTOM OF THE 7TH
Durham Rapiers batting - Pitching for Irving Blue Sox : RHP Andy Perry
Batting: RHB Vincent Klein 0-0: Ball
1-0: Called Strike
1-1: Ball
2-1: Foul Ball, location: 2F
2-2: Foul Ball, location: 2F
2-2: Foul Ball, location: 2F
2-2: Strikes out swinging
Batting: LHB Alberto Garza 0-0: Ball
1-0: Ball
2-0: SINGLE (Line Drive, 7S)
Pinch Hitting: SHB Anthony Hopkins 0-0: Called Strike
0-1: Fly out, F7 (Flyball, 7)
Batting: RHB Jules Winnfield 0-0: Swinging Strike
0-1: Ball
1-1: Foul Ball, location: 2F
1-2: Foul Ball, location: 2F
1-2: Foul Ball, location: 2F
1-2: Fly out, F8 (Flyball, 8LM)
Bottom of the 7th over - 0 run(s), 1 hit(s), 0 error(s), 1 left on base; Irving 2 - Durham 3
TOP OF THE 8TH
Irving Blue Sox batting - Pitching for Durham Rapiers : RHP Dave Seals
Pitching: RHP Mack MacDonald
Now in LF: Anthony Hopkins
Batting: SHB John Clayton 0-0: Ball
1-0: DOUBLE (Line Drive, 9LS)
Pinch Runner at 2nd Sung-min Pae:
Batting: RHB Wessel Wemerman 0-0: Called Strike
0-1: Sac Bunt - play at first, batter OUT! 3-4
Sung-min Pae to third
Pinch Hitting: RHB Manny Gonzáles 0-0: Swinging Strike
0-1: Ball
1-1: Ball
2-1: Foul Ball, location: 2F
2-2: Ball
3-2: Strikes out swinging
Pinch Hitting: RHB Abel Boga 0-0: Foul Ball, location: 2F
0-1: Swinging Strike
0-2: Strikes out swinging
Top of the 8th over - 0 run(s), 1 hit(s), 0 error(s), 1 left on base; Irving 2 - Durham 3
BOTTOM OF THE 8TH
Durham Rapiers batting - Pitching for Irving Blue Sox : RHP Andy Perry
Now at 2B: José Costello
Now at 3B: Eduardo Santos
Now in LF: Sung-min Pae
Batting: RHB Rick McGuire 0-0: Ball
1-0: Foul Ball, location: 2F
1-1: Swinging Strike
1-2: Foul Ball, location: 2F
1-2: Ball
2-2: DOUBLE (Line Drive, 78M)
Batting: SHB Carlos Chávez 0-0: Foul Ball, location: 2F
0-1: Fly out, F9 (Flyball, 9LDF)
Runner from 2nd tags up, SAFE at 3rd, no throw
Pinch Hitting: RHB Armando Chamú 0-0: Intentional Walk
Pinch Hitting: RHB Raúl Moreno 0-0: Ball
1-0: Called Strike
1-1: Ground out 5-3 (Groundball, 5)
Armando Chamú to second
Batting: RHB António Díaz 0-0: Ball
1-0: Ball
2-0: Called Strike
2-1: Called Strike
2-2: Ball
3-2: Strikes out swinging
Bottom of the 8th over - 0 run(s), 1 hit(s), 0 error(s), 2 left on base; Irving 2 - Durham 3
TOP OF THE 9TH
Irving Blue Sox batting - Pitching for Durham Rapiers : RHP Mack MacDonald
Pitching: RHP Briggs Bourgeois
Now at 3B: Davis Anderson
Now in RF: Jesús Aguilar
Batting: RHB Jerry Yates 0-0: Foul Ball, location: 2F
0-1: Swinging Strike
0-2: Ball
1-2: Strikes out looking
Batting: RHB Eisse Cals 0-0: Called Strike
0-1: Ball
1-1: Foul Ball, location: 2F
1-2: Ball
2-2: Strikes out swinging
Batting: RHB Tom Boyer 0-0: Ball
1-0: Foul Ball, location: 2F
1-1: Foul Ball, location: 2F
1-2: Ball
2-2: Strikes out swinging
Top of the 9th over - 0 run(s), 0 hit(s), 0 error(s), 0 left on base; Irving 2 - Durham 3
Friday, August 25th, 2017 - OOTP Baseball 17.12 Build 75